 Dungeon Sprint DCSS version bcrawl-1.19.1 (webtiles) character file.

Game seed: 12626360393196429698

110915 MordorOrchid the Metallomancer (level 22, -2/257 HPs)
             Began as an Octopode Transmuter on Dec 7, 2019.
             Was an Initiate of Gozag.
             Killed from afar by an orb of fire (28 damage)
             ... with a fireball
             ... in the Dungeon (Sprint VI: "Thunderdome").
             The game lasted 00:49:31 (3721 turns).

MordorOrchid the Metallomancer (OpTm)               Turns: 3721, Time: 00:49:31

Health: -2/257     AC: 37    Str: 30    XL:     22   Next: 17%
Magic:  64/64      EV: 33    Int: 30    God:    Gozag
Gold:   11956      SH: 11    Dex: 27    Spells: 14/61 levels left

rFire    + + .     SeeInvis .     - Unarmed
rCold    + + +     Gourm    .   H - +0 buckler of Edimmy {rN+ Slay+4}
rNeg     + + +     Faith    .   D - +1 hat of Weirdness {rF+ Str+4}
rPois    ∞         Spirit   .   (cloak restricted)
rElec    +         Reflect  .   C - amulet "Eguxo" {RegenMP Fragile Int+6 Dex+3}
rCorr    +         Harm     .   n - ring "Vuggureng" {*Slow rElec rPois Int+4 Dex+6}
MR       +++++     NoTele   +   o - ring "Ontitza" {rPois rF+ rC+}
Stlth    ..........             p - ring of Moodiness {rPois MP+9 AC+5 Str+4}
HPRegen  0.52/turn              m - ring "Afipru" {*Corrode rC+++ MR+++ MP+9 Int-5}
MPRegen  0.64/turn              s - ring "Zoran" {+Blink rF- Str+7 Int+2}
                                u - ring of Tuewemoph {rC+ rN+ MR+}
                                v - ring of Zigeof {rElec rC+ Dex+4}
                                y - ring of Miehowny {Wiz MR+ Slay+2}

@: berserking, statue-form, resistant, gold aura, hasted
A: almost no armour, stealthy swim, amphibious, 8 rings, constrict 8, camouflage
1, deterioration 1, frail 2, screaming 2
}: 5/15 runes: serpentine, barnacled, slimy, elven, silver
a: End Transformation, Potion Petition, Call Merchant, Bribe Branch, Renounce
Religion, Evoke Blink


You were in the Dungeon.
You worshipped Gozag.
Gozag was extremely pleased with you.
You were not hungry.
You were a stone statue.
You visited 1 branch You collected 23057 gold pieces.
You spent 10553 gold pieces at shops.
You paid 548 gold pieces to Gozag.

Inventory:

Missiles
 a - 225 arrows
Armour
 D - the +1 hat of Weirdness (worn) {rF+ Str+4}
   (You bought it in a shop in the Dungeon)

   It affects your strength (+4).
   It protects you from fire.
 F - the +12 large shield of Weightlessness {Dex+4}
   (You bought it in a shop in the Dungeon)

   It affects your dexterity (+4).
 H - the +0 buckler of Edimmy (worn) {rN+ Slay+4}
   (You bought it in a shop in the Dungeon)

   It affects your accuracy and damage with ranged weapons and melee attacks
   (+4).
   It protects you from negative energy.
Magical Staves
 e - an uncursed staff of power
 z - an uncursed staff of wizardry
 E - an uncursed staff of conjuration
Jewellery
 i - the ring of Bouts {MP+9 Str+2}
   (You bought it in a shop in the Dungeon)

   [ring of magical power]

   It affects your strength (+2).
   It affects your magic capacity (+9).
 m - the ring "Afipru" (on tentacle) {*Corrode rC+++ MR+++ MP+9 Int-5}
   (You bought it in a shop in the Dungeon)

   [ring of magical power]

   It affects your intelligence (-5).
   It renders you almost immune to cold.
   It affects your resistance to hostile enchantments.
   It affects your magic capacity (+9).
   It may corrode you when you take damage.
 n - the ring "Vuggureng" (left tentacle) {*Slow rElec rPois Int+4 Dex+6}
   (You bought it in a shop in the Dungeon)

   [ring of insulation]

   It affects your intelligence (+4).
   It affects your dexterity (+6).
   It insulates you from electricity.
   It protects you from poison.
   It may slow you when you take damage.
 o - the ring "Ontitza" (right tentacle) {rPois rF+ rC+}
   (You bought it in a shop in the Dungeon)

   [ring of protection from fire]

   It protects you from fire.
   It protects you from cold.
   It protects you from poison.
 p - the ring of Moodiness (on tentacle) {rPois MP+9 AC+5 Str+4}
   (You bought it in a shop in the Dungeon)

   [ring of protection]

   It affects your AC (+5).
   It affects your strength (+4).
   It protects you from poison.
   It affects your magic capacity (+9).
 q - the ring "Cen Teb" {MR+ Dex+4 Stlth+}
   (You bought it in a shop in the Dungeon)

   [ring of dexterity]

   It affects your dexterity (+4).
   It affects your resistance to hostile enchantments.
   It makes you more stealthy.
 r - the amulet of the Ancients {RegenMP Str+4}
   (You bought it in a shop in the Dungeon)

   [amulet of magic regeneration]

   It increases your magic regeneration.
   It affects your strength (+4).
 s - the ring "Zoran" (on tentacle) {+Blink rF- Str+7 Int+2}
   (You bought it in a shop in the Dungeon)

   [ring of intelligence]

   It affects your strength (+7).
   It affects your intelligence (+2).
   It makes you vulnerable to fire.
   It lets you blink.
 t - the ring of Saitamp {rElec MR++ MP+9 EV+1 Int-5}
   (You bought it in a shop in the Dungeon)

   [ring of evasion]

   It affects your evasion (+1).
   It affects your intelligence (-5).
   It insulates you from electricity.
   It affects your resistance to hostile enchantments.
   It affects your magic capacity (+9).
 u - the ring of Tuewemoph (on tentacle) {rC+ rN+ MR+}
   (You bought it in a shop in the Dungeon)

   [ring of protection from magic]

   It protects you from cold.
   It protects you from negative energy.
   It affects your resistance to hostile enchantments.
 v - the ring of Zigeof (on tentacle) {rElec rC+ Dex+4}
   (You bought it in a shop in the Dungeon)

   [ring of insulation]

   It affects your dexterity (+4).
   It protects you from cold.
   It insulates you from electricity.
 w - the ring of the Iron Devil {rPois Dex-4 SInv Stlth+}
   (You bought it in a shop in the Dungeon)

   [ring of poison resistance]

   It affects your dexterity (-4).
   It protects you from poison.
   It lets you see invisible.
   It makes you more stealthy.
 y - the ring of Miehowny (on tentacle) {Wiz MR+ Slay+2}
   (You bought it in a shop in the Dungeon)

   [ring of wizardry]

   It improves your spell success rate.
   It affects your accuracy and damage with ranged weapons and melee attacks
   (+2).
   It affects your resistance to hostile enchantments.
 B - the ring "Riokam" {Dex+3 Slay+3}
   (You bought it in a shop in the Dungeon)

   [ring of dexterity]

   It affects your dexterity (+3).
   It affects your accuracy and damage with ranged weapons and melee attacks
   (+3).
 C - the amulet "Eguxo" (around mantle) {RegenMP Fragile Int+6 Dex+3}
   (You bought it in a shop in the Dungeon)

   [amulet of magic regeneration]

   It increases your magic regeneration.
   It affects your intelligence (+6).
   It affects your dexterity (+3).
   It will be destroyed if unequipped.
Wands
 b - a wand of acid (4)
 k - a wand of iceblast (6)
Scrolls
 j - 4 scrolls of blinking
 l - 3 scrolls of fog
 G - 13 scrolls of remove curse
Potions
 c - a potion of lignification
 g - 7 potions of haste
 h - 14 potions of magic
 x - 5 potions of resistance
 I - 6 potions of brilliance
 J - 5 potions of might
 K - 6 potions of agility
 L - 5 potions of berserk rage
Miscellaneous
 A - a quad damage
Comestibles
 d - a ration {!d}


   Skills:
 - Level 18.0 Fighting
 - Level 20.0 Dodging
 * Level 21.6 Shields
 - Level 18.0 Unarmed Combat
 + Level 20.4 Spellcasting
 - Level 5.3 Conjurations
 * Level 11.9 Summonings
 - Level 13.4 Necromancy
 * Level 11.1 Translocations
 - Level 12.0 Transmutations
 - Level 10.6 Fire Magic
 - Level 4.4 Air Magic
 * Level 22.0 Earth Magic
 - Level 6.9 Evocations


You had 14 spell levels left.
You knew the following spells:

 Your Spells              Type           Power        Failure   Level  Hunger
a - Beastly Appendage     Tmut           ######       0%          1    None
f - Iron Shot             Conj/Erth      #######...   1%          6    None
h - Bolt of Magma         Conj/Fire/Erth #######...   1%          5    None
j - Summon Lightning Spi  Summ/Air       ######..     1%          5    None
s - Sticks to Snakes      Tmut           #######.     0%          2    None
v - Death Channel         Chrm/Necr      ######....   4%          6    None
y - Statue Form           Tmut/Erth      #######..    1%          6    None
S - Malign Gateway        Summ/Tloc      #######...   3%          7    ###....
T - Shatter               Erth           ########..   6%          9    ######.

Your spell library contained the following spells:

 Spells                   Type           Power        Failure   Level  Hunger
 Leda's Liquefaction      Hex/Erth       #######...   1%          3    None
 Spider Form              Tmut/Pois      ###          1%          3    None
 Ice Form                 Ice/Tmut       ######..     1%          4    None
 Blade Hands              Tmut           #######...   1%          5    None
 Haunt                    Necr/Summ      #######...   2%          7    ###....
 Monstrous Menagerie      Summ           #######...   3%          7    ###....
 Summon Greater Demon     Summ           #######...   3%          7    ###....
 Silence                  Hex/Air        #####.....   5%          5    None
 Conjure Ball Lightning   Conj/Air       ######....   10%         6    None
 Borgnjor's Revivificati  Necr           #######...   12%         8    #####..
 Necromutation            Tmut/Necr      #######.     16%         8    #####..
 Summon Horrible Things   Summ           #######...   24%         8    #####..
 Deflect Missiles         Chrm/Air       #####.....   28%         6    None
 Tornado                  Air            ######....   100%        9    ######.


Dungeon Overview and Level Annotations

Branches:
Dungeon (1/1)

Altars:
Cheibriados
Dithmenos
Fedhas
Gozag
Kikubaaqudgha
Lugonu
Makhleb
Okawaru
Qazlal
Ru
Sif Muna
Trog
Uskayaw
Vehumet
Wu Jian
Xom
Yredelemnul
Zin
The Shining One
Beogh
Jiyva

Shops:
D [%??*?*:[((!!!!

Annotations:
D Tiamat


Innate Abilities, Weirdness & Mutations

You cannot wear most types of armour.
You are very stealthy in the water. (Stealth+)
You are amphibious.
You can wear up to eight rings at the same time.
You can use your tentacles to constrict eight enemies at once.
Your skin changes colour to match your surroundings (Stealth+).
((Your rubbery body absorbs attacks. (AC +1, EV +1)))
Your body sometimes deteriorates upon taking damage.
You are very frail. (-20% HP)
You sometimes yell uncontrollably at your foes.


Message History

You thrash the orb of fire!!!!
You destroy the orb of fire!
Your Translocations skill increases to level 11!
Your Earth Magic skill increases to level 22!
Tiamat hits you from afar with a +0 bardiche of protection!!
* * * LOW HITPOINT WARNING * * *
You thrash the orb of fire!!! You tentacle-slap the orb of fire.
You squeeze the orb of fire!
The orb of fire is heavily damaged.
The orb of fire glows red.
Strange energies course through your body.
You feel a strong urge to yell.
An Orb Guardian comes into view.
You closely miss the orb of fire.
The orb of fire is heavily damaged.
An electric golem comes into view.
The orb of fire glows yellow.
The fireball explodes!
The fireball engulfs you! You resist.
You die...
Your body crumbles into a pile of gold.

#......$._# #_...X.$$_#
#_......(.# ###....)..(.###
#⌠...$..$.$)$$#▓ ▓▓
######$.[..$$$.[($..##.##
##∩___$$....##.X.$$$.___∩##
###=.(........##.(..$$($...∩##
##....$..$$.).8###$y*..$.......
#§...$...$..###*.X#X.....*.....
#⌠)........)# #.d.###[[........
#⌠........$.###...###[$........
##.).....)).$$.###[..$..$......
###∩........8$# #..[..$....∩##
##∩___...[.$##.......___∩##
######.8[[)).[...8.######
#⌠....$.)....⌠#


You could see Tiamat, an orb of fire, an electric golem (wandering) and 2 Orb
Guardians.

Vanquished Creatures
  Dissolution (D)
  Mennas (D)
  3 orbs of fire (D)
  An ancient lich (D)
  A deep elf elementalist (D)
  Polyphemus (D)
  Jory (D)
  3 Orb Guardians (D)
  5 liches (D)
  2 shadow dragons (D)
  5 nagarajas (D)
  An emperor scorpion (D)
  4 ghost moths (D)
  5 stone giants (D)
  7 vampire knights (D)
  2 anacondas (D)
  4 eidola (D)
  A deep elf death mage (D)
  3 yaktaur captains (D)
  2 naga warriors (D)
  A vault guard (D)
  7 vampire magi (D)
  A sun demon (D)
  14 fire crabs (D)
  2 death drakes (D)
  8 phantasmal warriors (D)
  7 orb spiders (D)
  A mana viper (D)
  A wolf spider (D)
  8 moths of wrath (D)
  3 naga magi (D)
  2 guardian serpents (D)
  6 yaktaurs (D)
  An efreet (D)
  A demonic crawler (D)
  A freezing wraith (D)
  An ice devil (D)
  2 wind drakes (D)
  6 queen bees (D)
  A jumping spider (D)
  A merfolk (D)
  A slime creature (D)
  A snapping turtle (D)
  An air elemental (D)
  A flying skull (D)
  2 wraiths (D)
  5 fire bats (D)
  5 fire elementals (D)
  8 vampire mosquitoes (D)
  4 insubstantial wisps (D)
  9 dwarves (D)
  2 hell hounds (D)
  6 sky beasts (D)
  A centaur (D)
  17 killer bees (D)
  2 jellies (D)
  Jessica (D)
  4 oozes (D)
  A worm (D)
  A dart slug (D)
  A bat zombie (D)
  A hobgoblin (D)
  A ball python (D)
203 creatures vanquished.

Vanquished Creatures (collateral kills)
  A ghost moth (D)
  An emperor scorpion (D)
  A stone giant (D)
  2 yaktaur captains (D)
  5 fire crabs (D)
  A mana viper (D)
  4 orb spiders (D)
  A wolf spider (D)
  A guardian serpent (D)
  2 yaktaurs (D)
  A tarantella (D)
  A vampire mosquito (D)
  7 kobolds (D)
28 creatures vanquished.

Vanquished Creatures (others)
  14 dancing weapons (D)
14 creatures vanquished.

Grand Total: 245 creatures vanquished

Notes
Turn   | Place    | Note
-------+----------+-------------------------------------------
     0 | D        | MordorOrchid the Octopode Transmuter began the quest for
                  | the Orb.
     0 | D        | Reached XP level 1. HP: 13/13 MP: 3/3
     1 | D        | Found a burning altar of Makhleb.
     1 | D        | Found a stormy altar of Qazlal.
     2 | D        | Found an ancient bone altar of Kikubaaqudgha.
     2 | D        | Found a blossoming altar of Fedhas.
     5 | D        | Found a shimmering altar of Xom.
     5 | D        | Round 1.
     6 | D        | Found a corrupted altar of Lugonu.
     6 | D        | Found a glowing golden altar of the Shining One.
     7 | D        | Found a glowing silver altar of Zin.
     7 | D        | Found a shadowy altar of Dithmenos.
    11 | D        | Found a roughly hewn altar of Beogh.
    11 | D        | Found a hide-covered altar of Uskayaw.
    12 | D        | Found a shimmering blue altar of Sif Muna.
    12 | D        | Found an opulent altar of Gozag.
    14 | D        | Found Seraduag's Weapon Rack.
    14 | D        | Found Pymab's Premium Goods.
    15 | D        | Found Ythreiff's Basic Armour.
    15 | D        | Found Laaps's Miscellaneous Merchandise.
    20 | D        | Became a worshipper of Gozag Ym Sagoz the Greedy
    27 | D        | Found an iron altar of Okawaru.
    28 | D        | Found Hatur's Identification Station.
    28 | D        | Found a bloodstained altar of Trog.
    28 | D        | Found Soqeod's Delicious Food.
    29 | D        | Found Beto's Advanced Armour.
    29 | D        | Found Kisto's Jewellery.
    37 | D        | Bought a bound brass ring for 45 gold pieces
    37 | D        | Bought a sparkling bone ring for 45 gold pieces
    37 | D        | Bought a pitted tin ring for 45 gold pieces
    37 | D        | Bought a slimy jade ring for 45 gold pieces
    37 | D        | Identified the ring "Vuggureng" {*Slow rElec rPois Int+4
                  | Dex+6} (You bought it in a shop in the Dungeon)
    38 | D        | Identified the ring "Ontitza" {rPois rF+ rC+} (You bought
                  | it in a shop in the Dungeon)
    39 | D        | Identified the ring of Moodiness {rPois MP+9 AC+5 Str+4}
                  | (You bought it in a shop in the Dungeon)
    40 | D        | Identified the ring "Cen Teb" {MR+ Dex+4 Stlth+} (You
                  | bought it in a shop in the Dungeon)
    52 | D        | Noticed Jessica
    57 | D        | Found Puosoen's Magic Scroll Shop.
    60 | D        | Killed Jessica
    60 | D        | Reached skill level 5 in Unarmed Combat
    60 | D        | Reached XP level 2. HP: 21/21 MP: 3/5
    60 | D        | Reached XP level 3. HP: 26/26 MP: 3/6
    71 | D        | Found a basalt altar of Yredelemnul.
    71 | D        | Found a sacrificial altar of Ru.
    71 | D        | Found Gupacot's Staff Store.
    72 | D        | Found Xaohevoe's Magic Scroll Shop.
    72 | D        | Found Hourph's Must-Have Magic.
    75 | D        | Arena points: 12 (+12) [x2]
    92 | D        | Bought a wavering steel amulet for 45 gold pieces
    92 | D        | Identified the amulet of Fehalil {Gourm Str+4 Int-5} (You
                  | bought it in a shop in the Dungeon)
    95 | D        | Bought a faintly glowing pewter amulet for 45 gold pieces
    95 | D        | Identified the amulet of the Ancients {RegenMP Str+4} (You
                  | bought it in a shop in the Dungeon)
    96 | D        | Bought a wavering lead ring for 45 gold pieces
    96 | D        | Identified the ring "Zoran" {+Blink rF- Str+7 Int+2} (You
                  | bought it in a shop in the Dungeon)
   136 | D        | Round 2.
   142 | D        | Reached XP level 4. HP: 33/33 MP: 7/7
   144 | D        | Found a radiant altar of Vehumet.
   145 | D        | Found a snail-covered altar of Cheibriados.
   146 | D        | Found a viscous altar of Jiyva.
   148 | D        | Found Qutu's Distillery.
   149 | D        | Found Oxuev's Distillery.
   149 | D        | Found Pihimeh's Bottled Wisdom.
   149 | D        | Found an ornate altar of the Wu Jian Council.
   149 | D        | Found Diumum's Do-It-Yourself Clinic.
   196 | D        | Arena points: 54 (+42) [x3]
   196 | D        | Reached skill level 5 in Dodging
   218 | D        | Round 3.
   251 | D        | Noticed a fire bat
   256 | D        | Killed a fire bat
   256 | D        | Reached skill level 5 in Fighting
   256 | D        | Reached XP level 5. HP: 39/39 MP: 10/10
   256 | D        | Reached XP level 6. HP: 45/45 MP: 11/11
   258 | D        | Noticed a fire bat
   264 | D        | Noticed a fire elemental
   267 | D        | Killed a fire bat
   274 | D        | Killed a fire elemental
   274 | D        | Reached skill level 5 in Transmutations
   274 | D        | Reached XP level 7. HP: 53/53 MP: 14/14
   293 | D        | Noticed a fire elemental
   306 | D        | Noticed a fire bat
   307 | D        | Killed a fire elemental
   307 | D        | Reached skill level 10 in Unarmed Combat
   307 | D        | Reached skill level 5 in Spellcasting
   316 | D        | Noticed a fire bat
   325 | D        | Killed a fire bat
   333 | D        | Killed a fire bat
   333 | D        | Arena points: 138 (+84) [x4]
   333 | D        | Reached skill level 5 in Evocations
   333 | D        | Reached XP level 8. HP: 40/60 MP: 16/16
   385 | D        | Round 4.
   389 | D        | Noticed a queen bee
   404 | D        | Killed a queen bee
   420 | D        | Arena points: 298 (+160) [x5]
   458 | D        | Round 5.
   464 | D        | Noticed a giant anaconda
   488 | D        | Killed a giant anaconda
   488 | D        | Arena points: 543 (+245) [x7]
   488 | D        | Reached XP level 9. HP: 23/67 MP: 20/20
   489 | D        | Got a serpentine rune of Zot
   518 | D        | Bought a book of the Earth for 455 gold pieces
   525 | D        | Learned a level 6 spell: Statue Form
   531 | D        | Learned a level 5 spell: Bolt of Magma
   531 | D        | Reached skill level 6 in Earth Magic
   531 | D        | Reached XP level 10. HP: 29/72 MP: 21/21
   549 | D        | Bought a slimy wooden ring for 45 gold pieces
   549 | D        | Identified the ring of Saitamp {rElec MR++ MP+9 EV+1 Int-5}
                  | (You bought it in a shop in the Dungeon)
   549 | D        | Bought a glittering pewter ring for 45 gold pieces
   549 | D        | Identified the ring of Tuewemoph {rC+ rN+ MR+} (You bought
                  | it in a shop in the Dungeon)
   549 | D        | Bought a shimmering brass ring for 45 gold pieces
   549 | D        | Identified the ring of Zigeof {rElec rC+ Dex+4} (You bought
                  | it in a shop in the Dungeon)
   558 | D        | Bought 2 rations for 40 gold pieces
   558 | D        | Bought 2 rations for 40 gold pieces
   558 | D        | Bought 2 rations for 40 gold pieces
   559 | D        | Bought a clouded silver ring for 45 gold pieces
   559 | D        | Identified the ring of the Iron Devil {rPois Dex-4 SInv
                  | Stlth+} (You bought it in a shop in the Dungeon)
   659 | D        | Round 6.
   663 | D        | Learned a level 2 spell: Sticks to Snakes
   781 | D        | Bought a transparent buckler for 332 gold pieces
   781 | D        | Identified the cursed +0 buckler of Edimmy {rN+ Slay+4}
                  | (You bought it in a shop in the Dungeon)
   794 | D        | Arena points: 927 (+384) [x8]
   811 | D        | Bought a potion of experience for 300 gold pieces
   811 | D        | Reached XP level 11. HP: 78/78 MP: 22/22
   839 | D        | Bought 50 arrows for 150 gold pieces
   861 | D        | Round 7.
   868 | D        | Bought a shimmering iron ring for 45 gold pieces
   868 | D        | Identified the ring of Miehowny {Wiz MR+ Slay+2} (You
                  | bought it in a shop in the Dungeon)
   870 | D        | Noticed a sun demon
   878 | D        | Killed a sun demon
   878 | D        | Reached skill level 5 in Fire Magic
   878 | D        | Reached skill level 7 in Earth Magic
   926 | D        | Reached skill level 8 in Earth Magic
   957 | D        | Arena points: 1494 (+567) [x9]
   967 | D        | Bought a potion of experience for 300 gold pieces
   967 | D        | Reached skill level 5 in Conjurations
   967 | D        | Reached XP level 12. HP: 82/84 MP: 25/25
   978 | D        | Round 8.
  1089 | D        | Arena points: 2294 (+800) [x10]
  1103 | D        | Bought a wavering bone ring for 45 gold pieces
  1103 | D        | Identified the ring "Afipru" {*Corrode rC+++ MR+++ MP+9
                  | Int-5} (You bought it in a shop in the Dungeon)
  1103 | D        | Bought a warped amber ring for 45 gold pieces
  1103 | D        | Identified the ring of Bouts {MP+9 Str+2} (You bought it in
                  | a shop in the Dungeon)
  1103 | D        | Bought a vibrating granite ring for 45 gold pieces
  1103 | D        | Identified the ring "Xeul" {*Contam rPois Int+3 Dex+3
                  | Stlth+} (You bought it in a shop in the Dungeon)
  1103 | D        | Bought a pitted tin ring for 45 gold pieces
  1103 | D        | Identified the ring "Riokam" {Dex+3 Slay+3} (You bought it
                  | in a shop in the Dungeon)
  1103 | D        | Bought a vibrating sapphire amulet for 45 gold pieces
  1103 | D        | Identified the amulet "Eguxo" {RegenMP Fragile Int+6 Dex+3}
                  | (You bought it in a shop in the Dungeon)
  1130 | D        | Round 9.
  1260 | D        | Arena points: 3284 (+990) [x11]
  1279 | D        | Bought a heavily runed shield for 332 gold pieces
  1279 | D        | Identified the +0 shield "Usuulek" {MR- Int+6} (You bought
                  | it in a shop in the Dungeon)
  1279 | D        | Bought a faintly humming hat for 315 gold pieces
  1279 | D        | Identified the +1 hat of Weirdness {rF+ Str+4} (You bought
                  | it in a shop in the Dungeon)
  1326 | D        | Round 10.
  1342 | D        | Bought a quad damage for 400 gold pieces
  1362 | D        | Noticed Polyphemus
  1379 | D        | Killed Polyphemus
  1379 | D        | Arena points: 4454 (+1170) [x13]
  1379 | D        | Reached skill level 10 in Fighting
  1379 | D        | Reached skill level 10 in Dodging
  1379 | D        | Reached skill level 10 in Spellcasting
  1379 | D        | Reached skill level 10 in Transmutations
  1379 | D        | Reached skill level 9 in Earth Magic
  1379 | D        | Reached XP level 13. HP: 8/92 MP: 27/27
  1380 | D        | Got a barnacled rune of Zot
  1392 | D        | Bought a book of the Sky for 455 gold pieces
  1398 | D        | Learned a level 5 spell: Summon Lightning Spire
  1398 | D        | Reached XP level 14. HP: 17/99 MP: 28/28
  1409 | D        | Learned a level 6 spell: Iron Shot
  1503 | D        | Round 11.
  1553 | D        | Arena points: 5686 (+1232) [x14]
  1568 | D        | Round 12.
  1583 | D        | Reached skill level 10 in Earth Magic
  1645 | D        | Reached skill level 10 in Fire Magic
  1645 | D        | Reached skill level 11 in Earth Magic
  1675 | D        | Arena points: 8026 (+2340) [x15]
  1675 | D        | Reached skill level 15 in Unarmed Combat
  1698 | D        | Round 13.
  1847 | D        | Arena points: 10730 (+2704) [x16]
  1887 | D        | Bought a bloodstained buckler for 332 gold pieces
  1887 | D        | Identified the +1 buckler of Fanaticism {rPois MP+9 Dex+4}
                  | (You bought it in a shop in the Dungeon)
  1887 | D        | Bought a spiked large shield for 332 gold pieces
  1887 | D        | Identified the +12 large shield of Weightlessness {Dex+4}
                  | (You bought it in a shop in the Dungeon)
  1898 | D        | Round 14.
  1976 | D        | Reached skill level 5 in Shields
  1989 | D        | Reached skill level 12 in Earth Magic
  2049 | D        | Arena points: 13348 (+2618) [x17]
  2068 | D        | Bought a Necronomicon for 772 gold pieces
  2075 | D        | Learned a level 6 spell: Death Channel
  2089 | D        | Round 15.
  2090 | D        | Bought 2 potions of experience for 600 gold pieces
  2090 | D        | Reached XP level 15. HP: 91/103 MP: 23/30
  2091 | D        | Reached XP level 16. HP: 97/109 MP: 23/31
  2114 | D        | Arena points: 16483 (+3135) [x19]
  2114 | D        | Reached skill level 13 in Earth Magic
  2118 | D        | Got an elven rune of Zot
  2119 | D        | Reached XP level 17. HP: 92/115 MP: 31/33
  2126 | D        | Bought an uncursed staff of wizardry for 750 gold pieces
  2286 | D        | Round 16.
  2334 | D        | Reached skill level 14 in Earth Magic
  2354 | D        | Arena points: 21283 (+4800) [x20]
  2400 | D        | Round 17.
  2430 | D        | Reached XP level 18. HP: 120/120 MP: 0/35
  2479 | D        | Reached skill level 15 in Earth Magic
  2481 | D        | Arena points: 25210 (+3927) [x21]
  2500 | D        | Bought 15 scrolls of remove curse for 450 gold pieces
  2533 | D        | Round 18.
  2541 | D        | Reached skill level 10 in Shields
  2561 | D        | Reached skill level 10 in Necromancy
  2578 | D        | Arena points: 28774 (+3564) [x22]
  2588 | D        | Round 19.
  2649 | D        | Reached skill level 16 in Earth Magic
  2656 | D        | Reached skill level 15 in Spellcasting
  2677 | D        | Arena points: 36203 (+7429) [x23]
  2694 | D        | Bought a cursed staff of energy for 500 gold pieces
  2712 | D        | Round 20.
  2716 | D        | Noticed Dissolution
  2720 | D        | Paralysed by a floating eye for 3 turns
  2726 | D        | Paralysed by a floating eye for 2 turns
  2744 | D        | Killed Dissolution
  2744 | D        | Arena points: 42703 (+6500) [x25]
  2744 | D        | Reached skill level 15 in Dodging
  2744 | D        | Reached skill level 17 in Earth Magic
  2745 | D        | Got a slimy rune of Zot
  2777 | D        | Bought a Grand Grimoire for 772 gold pieces
  2777 | D        | Reached XP level 19. HP: 61/135 MP: 26/39
  2911 | D        | Round 21.
  2958 | D        | Noticed an ancient lich
  2964 | D        | Killed an ancient lich
  2964 | D        | Reached skill level 18 in Earth Magic
  2964 | D        | Reached XP level 20. HP: 118/144 MP: 40/40
  2968 | D        | Reached skill level 15 in Fighting
  2988 | D        | Reached skill level 15 in Shields
  3018 | D        | Reached skill level 19 in Earth Magic
  3022 | D        | Arena points: 52531 (+9828) [x26]
  3066 | D        | Round 22.
  3197 | D        | Arena points: 63817 (+11286) [x27]
  3234 | D        | Round 23.
  3278 | D        | Arena points: 72833 (+9016) [x28]
  3288 | D        | Round 24.
  3314 | D        | Arena points: 86753 (+13920) [x29]
  3321 | D        | Bought 6 potions of resistance for 420 gold pieces
  3321 | D        | Bought 6 potions of brilliance for 168 gold pieces
  3321 | D        | Bought 6 potions of might for 168 gold pieces
  3321 | D        | Bought 6 potions of agility for 168 gold pieces
  3321 | D        | Bought 5 potions of haste for 350 gold pieces
  3321 | D        | Bought 5 potions of berserk rage for 175 gold pieces
  3321 | D        | Bought 6 potions of magic for 336 gold pieces
  3321 | D        | Bought 6 potions of magic for 336 gold pieces
  3350 | D        | Round 25.
  3382 | D        | Reached skill level 20 in Earth Magic
  3387 | D        | Noticed Mennas
  3401 | D        | Killed Mennas
  3401 | D        | Arena points: 97603 (+10850) [x31]
  3402 | D        | Got a silver rune of Zot
  3403 | D        | Reached skill level 5 in Translocations
  3403 | D        | Reached XP level 21. HP: 114/158 MP: 43/43
  3412 | D        | Learned a level 7 spell: Malign Gateway
  3422 | D        | Learned a level 9 spell: Shatter
  3583 | D        | Round 26.
  3599 | D        | Noticed Jory
  3612 | D        | Killed Jory
  3632 | D        | Arena points: 110915 (+13312) [x32]
  3653 | D        | Round 27.
  3673 | D        | Noticed an orb of fire
  3675 | D        | Gained mutation: You are frail. (-10% HP) [an orb of fire]
  3677 | D        | Reached skill level 21 in Earth Magic
  3677 | D        | Gained mutation: You occasionally shout uncontrollably at
                  | your foes. [an orb of fire]
  3678 | D        | Gained mutation: Your body sometimes deteriorates upon
                  | taking damage. [an orb of fire]
  3678 | D        | Noticed an orb of fire
  3685 | D        | Killed an orb of fire
  3685 | D        | Reached skill level 10 in Summonings
  3685 | D        | Reached XP level 22. HP: 89/148 MP: 43/45
  3686 | D        | Noticed an orb of fire
  3693 | D        | Noticed an orb of fire
  3704 | D        | Identified the +4 dragonskin cloak
  3704 | D        | Noticed Tiamat
  3710 | D        | HP: 5/192 [orb of fire/bolt of fire (24)]
  3711 | D        | Gained mutation: You are very frail. (-20% HP) [an orb of
                  | fire]
  3714 | D        | Killed an orb of fire
  3714 | D        | Reached skill level 10 in Translocations
  3719 | D        | Killed an orb of fire
  3719 | D        | Reached skill level 22 in Earth Magic
  3720 | D        | Gained mutation: You sometimes yell uncontrollably at your
                  | foes. [an orb of fire]
  3721 | D        | Killed from afar by an orb of fire

Skill      XL: |  1  2  3  4  5  6  7  8  9 10 11 12 13 14 15 16 17 18 19 20 21 22 |
---------------+-------------------------------------------------------------------+-----
Fighting       | 3 5 6 7 8 10 13 14 17 18 | 18.0
Dodging        | 3 4 5 6 7 8 9 10 11 12 15 16 19 20 | 20.0
Unarmed Combat | 5 6 8 9 10 12 13 16 17 18 | 18.0
Spellcasting   | 3 4 5 7 9 10 11 12 13 16 18 19 20 | 20.4
Transmutations | 3 5 6 7 9 10 11 12 | 12.0
Evocations     | 2 4 5 6 |  6.9
Earth Magic    | 6 8 9 12 13 14 17 18 20 21 22 | 22.0
Shields        | 4 5 7 9 13 14 18 20 21 | 21.6
Fire Magic     | 4 6 8 10 | 10.6
Conjurations   | 5 |  5.3
Summonings     | 3 4 6 10 11 | 11.9
Air Magic      | 3 4 |  4.4
Necromancy     | 4 6 8 13 | 13.4
Translocations | 4 5 9 11 | 11.1

Action                   |  1- 3 |  4- 6 |  7- 9 | 10-12 | 13-15 | 16-18 | 19-21 | 22-24 || total
-------------------------+-------+-------+-------+-------+-------+-------+-------+-------++-------
Melee: Unarmed           |     8 |    11 |    39 |    59 |    51 |   113 |   156 |    18 ||   455
       Kick              |     4 |     5 |    23 |    12 |     6 |       |    10 |       ||    60
       Constrict         |     4 |     2 |     8 |    13 |     1 |     7 |    34 |       ||    69
       Tentacles         |     3 |     6 |    10 |    16 |    10 |    36 |    39 |     5 ||   125
       Punch             |       |       |     5 |     7 |    11 |    21 |    39 |     4 ||    87
 Cast: Beastly Appendage |     2 |     3 |     5 |     7 |     4 |       |     3 |       ||    24
       Sticks to Snakes  |       |       |       |     7 |       |       |       |       ||     7
       Statue Form       |       |       |       |     5 |     1 |     4 |     6 |       ||    16
       Bolt of Magma     |       |       |       |     1 |     7 |       |     1 |       ||     9
       Iron Shot         |       |       |       |       |    15 |     8 |     2 |       ||    25
       Summon Lightning  |       |       |       |       |     3 |     3 |       |       ||     6
       Death Channel     |       |       |       |       |       |     4 |     7 |       ||    11
       Shatter           |       |       |       |       |       |       |     2 |       ||     2
Invok: Potion Petition   |       |       |       |       |       |     3 |       |     1 ||     4
 Abil: End Transformatio |       |       |       |     3 |     2 |     3 |     6 |       ||    14
Evoke: Wand              |     1 |     3 |     1 |       |       |       |       |       ||     5
  Use: Potion            |       |       |     2 |     3 |     3 |     3 |     4 |     5 ||    20
       Scroll            |       |       |       |       |       |     2 |       |       ||     2
 Stab: Confused          |       |       |       |     2 |       |       |       |       ||     2
       Distracted        |       |       |       |     1 |     4 |     7 |     7 |       ||    19
  Eat: Ration            |       |       |       |     1 |     2 |     2 |     1 |       ||     6
Armor: Skin              |       |     2 |     2 |    18 |     3 |    72 |    56 |     2 ||   155
Dodge: Dodged            |     5 |     8 |    37 |    44 |    41 |   132 |   136 |    17 ||   420
Block: Buckler           |       |       |       |    16 |     9 |    55 |    71 |     5 ||   156
